cohdb
Replays
Latest Replays
All Replays
Popular Replays
Top Player Replays
Match Explorer
How It Works
Community
CoH3 Stats
Reddit
Sign in to upload your games and track your stats! →
Sign in with Steam
Match 43365750
Unlisted
Match 43365750
Overview
Messages
Build Orders
End
Kradschützen Motorcycle Team
Selects Italian Infantry
Panzerpioneer Squad
250 Light Carrier
Construct Light Support Kompanie
MG34 Team
MG34 Team
2.5-tonne Medical Truck
Construct Mechanized Kompanie
Selects Guastatori Squad
Guastatori Squad
Marder III Tank Destroyer
AI Takeover
legranduke
伦敦上空的鹰
Jarkke
Setti-Veke
0
0
Comments
sign in to comment!
No comments posted yet!